 Dungeon Crawl Stone Soup version 0.22-a0-374-g5dfd9e3 (webtiles) character file.

13433 CanOfBees the Zephyrmancer (level 12, -2/72 HPs)
             Began as a Tengu Air Elementalist on Apr 25, 2018.
             Was an Elder of Vehumet.
             Killed from afar by an orc wizard (4 damage)
             ... with a magic dart
             ... on level 10 of the Dungeon on Apr 26, 2018.
             The game lasted 01:08:54 (28740 turns).

CanOfBees the Zephyrmancer (TeAE)                  Turns: 28740, Time: 01:08:55

Health: -2/72      AC:  5    Str:  8    XL:     12   Next: 6%
Magic:  18/27      EV: 21    Int: 20    God:    Vehumet [****..]
Gold:   582        SH:  0    Dex: 16    Spells: 11/31 levels left

rFire    . . .     SeeInvis .   u - +2 quarterstaff
rCold    . . .     Gourm    .   (shield currently unavailable)
rNeg     . . .     Faith    .   a - +2 robe
rPois    +         Spirit   .   (helmet restricted)
rElec    .         Reflect  .   (no cloak)
rCorr    .         Harm     .   n - +0 pair of gloves
MR       .....                  (boots unavailable)
Stlth    ++........             (no amulet)
HPRegen  0.22/turn              o - ring of poison resistance
MPRegen  0.20/turn              (no ring)

@: about to teleport, flying quickly and evasively, quick
A: beak, talons 3, able to fly 1
a: Renounce Religion


You were on level 10 of the Dungeon.
You worshipped Vehumet.
Vehumet was greatly pleased with you.
You were hungry.

You visited 1 branch of the dungeon, and saw 10 of its levels.
You also visited: Sewer.

You collected 582 gold pieces.

Inventory:

Hand Weapons
 u - a +2 quarterstaff (weapon)
 w - a +0 hunting sling
 z - a +0 blowgun
 E - a +1 short sword of speed
 J - a +2 whip of flaming
 P - a +3 glaive
 S - a +1 short sword of venom
Missiles
 d - 45 poisoned needles
 i - 67 bolts
 k - 236 arrows
 q - 40 sling bullets
 D - 13 curare-tipped needles
 H - 18 tomahawks
 M - 2 steel tomahawks
 O - 4 poisoned tomahawks (quivered)
Armour
 a - a +2 robe (worn)
 n - a +0 pair of gloves (worn)
Jewellery
 o - a ring of poison resistance (left hand)
Wands
 N - a wand of digging (13)
Scrolls
 f - 6 scrolls of teleportation
 g - 3 scrolls of immolation
 l - 3 scrolls of remove curse
 m - 2 scrolls of fog {unknown}
 r - 3 scrolls of identify
 I - 2 scrolls of amnesia {unknown}
 Q - a scroll of magic mapping {unknown}
 R - a scroll of fear {unknown}
Potions
 c - a potion of experience {unknown}
 e - 4 potions of brilliance
 h - a potion of haste
 j - a potion of might {unknown}
 p - a potion of magic {unknown}
 s - 5 potions of curing
 t - 2 potions of ambrosia
 A - 4 potions of agility
 B - 3 potions of lignification
 C - 4 potions of heal wounds
 F - 2 potions of flight
 L - a potion of mutation {unknown}
Comestibles
 b - a ration


   Skills:
 - Level 7.5 Fighting
 + Level 7.6 Dodging
 - Level 2.0 Stealth
 + Level 10.4 Spellcasting
 + Level 7.8 Conjurations
 - Level 2.0 Charms
 - Level 2.7 Fire Magic
 - Level 12.1 Air Magic
 - Level 3.0 Poison Magic


You had 11 spell levels left.
You knew the following spells:

 Your Spells              Type           Power        Failure   Level  Hunger
a - Shock                 Conj/Air       ####         1%          1    None
b - Swiftness             Chrm/Air       #####...     1%          2    None
c - Static Discharge      Conj/Air       ######..     1%          3    None
d - Airstrike             Air            ######....   1%          4    ##.....
e - Sting                 Conj/Pois      ####         1%          1    None
f - Lightning Bolt        Conj/Air       ######....   1%          5    ####...
g - Flame Tongue          Conj/Fire      ####.        1%          1    None
h - Mephitic Cloud        Conj/Pois/Air  #####...     1%          3    None


Dungeon Overview and Level Annotations

Branches:
Dungeon (10/15)            Temple (0/1) D:6            Lair (0/6) D:9
    Orc (0/2) D:10

Altars:
Ashenzari
Elyvilon
Hepliaklqana
Kikubaaqudgha
Makhleb
Okawaru
Qazlal
Ru
Trog
Uskayaw
Vehumet
Wu Jian
Xom

Annotations:
D:3 indyram44's ghost, amateur GrFi
D:5 Papajoes's ghost, novice MiFE
D:6 1 runed door, exclusion: door
D:8 3 exclusions
D:10 Snorg


Innate Abilities, Weirdness & Mutations

You have a beak for a mouth.
You have claws for feet.
You can fly.


Message History

The magic dart hits you!
* * * LOW HITPOINT WARNING * * *
There is an open door here.
The orc wizard casts a spell.
The orc wizard blinks!
As you close the door, it creaks loudly!
The orc wizard barely misses you.
A two-headed ogre opens the door.
The orc wizard hits you with a dagger.
* * * LOW HITPOINT WARNING * * *
As you read the scroll of teleportation, it crumbles to dust.
You feel strangely unstable. The orc wizard hits you with a dagger.
* * * LOW HITPOINT WARNING * * *
The orc wizard gestures at you while chanting.
You easily resist.
The orc wizard casts a spell at you. The magic dart hits you!
* * * LOW HITPOINT WARNING * * *
The orc wizard casts a spell at you. The magic dart hits you!
You die...

......o### #.# #.......#.
.........###### ##.# #.......'.
..>....#...Y..###..#####.......##
##.##########..........'.T.....#
#. #####.######.......# ##.# ##.#
####'#### #.# #..# #..# ###'####
#.## #.## .......# ###@##
###'###### .......# #....#
####......... .......#
#.Oo.###..')........ .......#####
#....'...##.........
.......'.ยง.###....######.........
.......###...'....# #.........
.......# #####....# ######'###
#'###### ###'## #.# #..## #.# #.#


You could see a two-headed ogre and an orc wizard.

Vanquished Creatures
  2 two-headed ogres
  Sonja (D:10)
  Pikel (D:9)
  A deep elf mage (D:8)
  A queen bee (D:8)
  A troll (D:9)
  Prince Ribbit (D:5)
  A hippogriff (D:7)
  Sigmund (D:3)
  4 yaks
  A steam dragon (D:10)
  3 hungry ghosts
  Duvessa (D:5)
  5 ice beasts
  8 orc warriors
  A black bear (D:7)
  4 sky beasts
  2 phantoms
  12 ogres
  An eye of draining (D:8)
  A wolf (D:9)
  7 centaurs
  A crocodile (D:9)
  7 big kobolds
  6 bullfrogs
  Blork the orc (D:5)
  3 gnoll sergeants (D:10)
  Dowan (D:5)
  5 scorpions
  25 killer bees
  3 wights (D:8)
  8 electric eels
  2 howler monkeys
  5 crimson imps
  A bullfrog zombie (D:9)
  A centaur skeleton (D:5)
  10 hounds
  3 jellies
  4 orc priests
  3 bullfrog skeletons
  Jessica (D:2)
  7 orc wizards
  An iguana (D:8)
  5 worker ants
  A bullfrog simulacrum (D:9)
  3 hound zombies
  A hound skeleton (D:10)
  3 worker ant zombies
  Robin (D:2)
  22 gnolls
  18 adders
  7 river rats
  A hound simulacrum (D:9)
  2 shadow imps
  3 white imps (D:9)
  An ufetubus (D:9)
  An ooze (D:2)
  3 adder skeletons
  9 worms
  6 dart slugs
  12 leopard geckos
  34 orcs
  7 ball pythons
  5 giant cockroaches
  8 hobgoblins
  7 jackals
  3 quokkas
  5 bats
  5 frilled lizards
  20 goblins
  34 kobolds
  22 rats
407 creatures vanquished.

Vanquished Creatures (collateral kills)
  A killer bee (D:10)
1 creature vanquished.

Vanquished Creatures (others)
  4 slaves (D:9)
  An orc wizard (D:9)
  A centaur simulacrum (D:9)
  A quokka (D:9)
  An orc (D:9)
  5 kobolds (D:9)
13 creatures vanquished.

Grand Total: 421 creatures vanquished

Notes
Turn   | Place    | Note
-------+----------+-------------------------------------------
     0 | D:1      | CanOfBees the Tengu Air Elementalist began the quest for the Orb.
     0 | D:1      | Reached XP level 1. HP: 10/10 MP: 4/4
   165 | D:1      | Reached XP level 2. HP: 15/15 MP: 1/6
   465 | D:1      | Learned a level 2 spell: Swiftness
   677 | D:1      | Reached XP level 3. HP: 19/19 MP: 5/7
  1179 | D:2      | Learned a level 3 spell: Static Discharge
  1929 | D:2      | Noticed Jessica
  1952 | D:1      | Reached XP level 4. HP: 19/24 MP: 4/9
  2779 | D:2      | Reached skill level 1 in Fighting
  2779 | D:2      | Reached skill level 5 in Air Magic
  2915 | D:2      | Killed Jessica
  2915 | D:2      | Gained mutation: You can fly. [Tengu growth]
  2915 | D:2      | Reached XP level 5. HP: 29/30 MP: 3/10
  3148 | D:2      | Noticed Robin
  3163 | D:2      | Killed Robin
  3476 | D:2      | Learned a level 4 spell: Airstrike
  3810 | D:3      | Noticed Sigmund
  3838 | D:3      | Noticed indyram44's ghost (amateur GrFi)
  4355 | D:3      | Reached XP level 6. HP: 35/37 MP: 9/12
  5270 | D:3      | Killed Sigmund
  5270 | D:3      | Reached skill level 6 in Air Magic
  5270 | D:3      | Reached XP level 7. HP: 33/43 MP: 4/14
  5465 | D:3      | Found an ancient bone altar of Kikubaaqudgha.
  6440 | D:4      | Found a radiant altar of Vehumet.
  6451 | D:4      | Became a worshipper of Vehumet
  6499 | D:4      | Reached skill level 5 in Fighting
  6723 | D:4      | Reached skill level 7 in Air Magic
  6788 | D:4      | Reached XP level 8. HP: 49/49 MP: 7/15
  6848 | D:4      | Reached skill level 5 in Conjurations
  7287 | D:5      | Entered Level 5 of the Dungeon
  7287 | D:5      | Noticed Papajoes's ghost (novice MiFE)
  7600 | D:5      | Noticed Blork the orc
  7646 | D:5      | Killed Blork the orc
  7806 | D:5      | Noticed Prince Ribbit
  8318 | D:5      | Noticed Duvessa
  8723 | D:5      | Killed Duvessa
  8723 | D:5      | Reached skill level 5 in Spellcasting
  8963 | D:5      | Killed Prince Ribbit
  8963 | D:5      | Reached skill level 5 in Dodging
  9135 | D:5      | Noticed Dowan
  9142 | D:5      | Killed Dowan
  9142 | D:5      | Reached XP level 9. HP: 48/54 MP: 10/17
  9314 | D:5      | Reached skill level 1 in Charms
  9759 | D:5      | HP: 1/54 [burnt (5)]
  9926 | D:5      | Found a shimmering altar of Xom.
  9927 | D:5      | Found a burning altar of Makhleb.
  9947 | D:5      | Reached * piety under Vehumet
  9947 | D:5      | Offered knowledge of Sting by Vehumet.
  9951 | D:5      | Learned a level 1 spell: Sting
  9957 | D:5      | Learned a level 5 spell: Lightning Bolt
 10272 | D:6      | Found a sacrificial altar of Ru.
 10272 | D:6      | Found a hazy altar of Hepliaklqana.
 10276 | D:6      | Found a shattered altar of Ashenzari.
 10276 | D:6      | Found an iron altar of Okawaru.
 10439 | D:6      | Found a glowing drain.
 10446 | Sewer    | Entered a sewer
 10809 | Sewer    | Reached skill level 1 in Poison Magic
 10902 | Sewer    | Offered knowledge of Flame Tongue by Vehumet.
 10907 | Sewer    | Learned a level 1 spell: Flame Tongue
 11029 | Sewer    | Reached ** piety under Vehumet
 11170 | Sewer    | Offered knowledge of Throw Flame by Vehumet.
 11778 | D:6      | Found a runed door.
 11838 | D:6      | Reached skill level 1 in Fire Magic
 11943 | D:6      | Found a staircase to the Ecumenical Temple.
 12954 | D:6      | Found a stormy altar of Qazlal.
 14709 | D:7      | Reached XP level 10. HP: 59/59 MP: 17/22
 14915 | D:7      | Found an ornate altar of the Wu Jian Council.
 15064 | D:7      | Reached skill level 8 in Air Magic
 15083 | D:7      | Reached *** piety under Vehumet
 15726 | D:7      | Offered knowledge of Fulminant Prism by Vehumet.
 16123 | D:7      | Noticed a hand axe
 16123 | D:7      | Noticed a dagger
 16126 | D:7      | Found a hide-covered altar of Uskayaw.
 16173 | D:7      | Noticed a moth of wrath
 16398 | D:7      | Found a bloodstained altar of Trog.
 17243 | D:8      | Reached skill level 9 in Air Magic
 18258 | D:8      | Reached **** piety under Vehumet
 18414 | D:8      | Noticed a deep elf mage
 18418 | D:8      | Killed a deep elf mage
 18524 | D:8      | Offered knowledge of Mephitic Cloud by Vehumet.
 18533 | D:8      | Learned a level 3 spell: Mephitic Cloud
 18696 | D:8      | Reached XP level 11. HP: 64/64 MP: 10/25
 19466 | D:8      | Reached skill level 10 in Air Magic
 21163 | D:9      | Found a white marble altar of Elyvilon.
 21312 | D:9      | Reached skill level 10 in Spellcasting
 22421 | D:9      | Noticed Pikel
 22429 | D:9      | Killed Pikel
 23356 | D:9      | Found a staircase to the Lair.
 23418 | D:9      | Reached skill level 11 in Air Magic
 23746 | D:10     | Entered Level 10 of the Dungeon
 23872 | D:10     | Noticed a two-headed ogre
 24891 | D:9      | Reached ***** piety under Vehumet
 25378 | D:9      | Killed a two-headed ogre
 27106 | D:10     | Found a staircase to the Orcish Mines.
 27344 | D:10     | Offered knowledge of Freezing Cloud by Vehumet.
 27571 | D:10     | Noticed a two-headed ogre
 27581 | D:10     | Killed a two-headed ogre
 27982 | D:10     | Noticed Sonja
 27990 | D:10     | Killed Sonja
 27990 | D:10     | Reached skill level 12 in Air Magic
 27990 | D:10     | Reached XP level 12. HP: 72/72 MP: 15/27
 28054 | D:10     | Noticed Snorg
 28108 | D:8      | Upgraded the game from 0.22-a0-373-gab1296c to 0.22-a0-374-g5dfd9e3
 28711 | D:10     | Noticed a two-headed ogre
 28739 | D:10     | HP: 1/72 [orc wizard/magic dart (11)]
 28740 | D:10     | Killed from afar by an orc wizard

Vault maps used:
D:1:      lemuel_arrival_muddy
D:2:      uniq_robin, uniq_jessica
D:3:      lemuel_crystal_altar, uniq_sigmund
D:4:      lemuel_crystal_altar, minivault_14, kennysheep_generic_room_11
D:5:      grunt_temple_overflow_champion_of_chaos, first_ration,
          nrook_mini_backslash, kennysheep_small_square, uniq_prince_ribbit1,
          uniq_blork_the_orc, uniq_duvessa
D:6:      grunt_temple_overflow_open, lemuel_doored_altar,
          minmay_temple_entry_grid, lightli_sewer_entry_pipes,
          lightli_church_of_beogh
D:7:      cheibrodos_two_vegetables, kennysheep_little_box,
          dancing_weapons_uskayaw, tgw_trog, nzn_random_ring
D:8:      david_nohive_1, centaur_isle
D:9:      elyvilon_altar_4, lair_entry_dummy, serial_ice, serial_ice_o,
          serial_ice_e, serial_ice_h, serial_ice_f, serial_ice_g, serial_ice_l,
          uniq_pikel
D:10:     kennysheep_orc_monster_closet_entryway, uniq_snorg, uniq_sonja
Sewer:    sewer_minmay_treatment

Skill      XL: |  1  2  3  4  5  6  7  8  9 10 11 |
---------------+----------------------------------+-----
Conjurations   | 2 3 4 5 7 |  7.8
Spellcasting   | 3 4 5 7 9 10 | 10.4
Fighting       | 1 3 4 5 7 |  7.5
Air Magic      | 5 6 7 9 12 | 12.1
Dodging        | 5 7 |  7.6
Charms         | 2 |  2.0
Poison Magic   | 2 3 |  3.0
Fire Magic     | 2 |  2.7
Stealth        | |  2.0

Action                   |  1- 3 |  4- 6 |  7- 9 | 10-12 || total
-------------------------+-------+-------+-------+-------++-------
Melee: Dagger            |    15 |       |       |       ||    15
       Kick              |     6 |    13 |    33 |    18 ||    70
       Peck              |     3 |     9 |    18 |     8 ||    38
       Quarterstaff      |       |    77 |   135 |    69 ||   281
       Short sword       |       |       |       |    20 ||    20
 Fire: Hunting sling     |       |       |     3 |       ||     3
       Blowgun           |       |       |     4 |       ||     4
Throw: Throwing net      |       |     1 |     2 |       ||     3
       Tomahawk          |       |       |     1 |     6 ||     7
 Cast: Shock             |    53 |    71 |   147 |   171 ||   442
       Static Discharge  |     1 |     9 |    42 |    29 ||    81
       Airstrike         |       |       |    56 |   212 ||   268
       Sting             |       |       |    24 |    55 ||    79
       Flame Tongue      |       |       |     2 |    21 ||    23
       Lightning Bolt    |       |       |     1 |    10 ||    11
       Mephitic Cloud    |       |       |       |    22 ||    22
       Swiftness         |       |       |       |     2 ||     2
 Abil: Fly               |       |       |     3 |     6 ||     9
Evoke: Wand              |       |       |     6 |     3 ||     9
  Use: Scroll            |     3 |       |     9 |    11 ||    23
       Potion            |       |       |     5 |     1 ||     6
 Stab: Sleeping          |       |     1 |       |       ||     1
  Eat: Chunk             |     2 |     6 |    20 |    18 ||    46
       Ration            |     1 |     1 |     7 |    12 ||    21
Armor: Robe              |     3 |    30 |    30 |    32 ||    95
Dodge: Dodged            |    27 |    98 |   153 |   196 ||   474

Table legend:
 A = Spawn XP
 B = Non-spawn XP
 C = Spawn XP percentage of total XP
 D = Spawn monster count
 E = Non-spawn monster count
 F = Spawn count percentage of total count
 G = Total turns spent on level
                    A         B        C        D         E        F      G
               +---------+---------+-------+---------+---------+-------+---------
         Total |       0 |   19191 |   0.0 |       0 |     408 |   0.0 | 28740
               +---------+---------+-------+---------+---------+-------+---------
           D:1 |       0 |      87 |   0.0 |       0 |      23 |   0.0 |  2113
           D:2 |       0 |     278 |   0.0 |       0 |      36 |   0.0 |  2559
           D:3 |       0 |     344 |   0.0 |       0 |      29 |   0.0 |  1031
           D:4 |       0 |     715 |   0.0 |       0 |      28 |   0.0 |  2126
           D:5 |       0 |    1458 |   0.0 |       0 |      23 |   0.0 |  2265
           D:6 |       0 |    1002 |   0.0 |       0 |      35 |   0.0 |  2946
           D:7 |       0 |    2469 |   0.0 |       0 |      49 |   0.0 |  3159
           D:8 |       0 |    3426 |   0.0 |       0 |      45 |   0.0 |  4633
           D:9 |       0 |    4271 |   0.0 |       0 |      42 |   0.0 |  4474
          D:10 |       0 |    4908 |   0.0 |       0 |      50 |   0.0 |  2336
         Sewer |       0 |     233 |   0.0 |       0 |      48 |   0.0 |  1098
               +---------+---------+-------+---------+---------+-------+---------
